 Dungeon Crawl Stone Soup version 0.25.1-2-g60ff931df9 (webtiles) character file.

Game seed: 6937717887790021322

4214 gruber the Skirmisher (level 10, -1/77 HPs)
             Began as a Gnoll Wanderer on Oct 12, 2020.
             Was a Priest of Okawaru.
             Slain by a wyvern (16 damage)
             ... on level 10 of the Dungeon.
             The game lasted 00:08:59 (6823 turns).

gruber the Skirmisher (Gnoll Wanderer)              Turns: 6823, Time: 00:08:59

Health: -1/77      AC: 13    Str: 18    XL:     10   Next: 29%
Magic:  18/18      EV: 15    Int: 17    God:    Okawaru [***...]
Gold:   420        SH:  0    Dex: 17    Spells: 16/20 levels left

rFire    . . .     SeeInvis .   F - +8 storm bow {elec, penet}
rCold    . . .     Gourm    .   (shield currently unavailable)
rNeg     . . .     Faith    .   C - +1 leather armour of Ammaryte {Dex+5 Stlth-}
rPois    .         Spirit   .   (no helmet)
rElec    .         Reflect  .   u - +0 cloak
rCorr    .         Harm     .   l - +1 pair of gloves
MR       .....                  H - +0 pair of boots {run}
Stlth    ++........             (no amulet)
HPRegen  0.22/turn              h - +4 ring of protection
MPRegen  0.16/turn              (no ring)

@: quick
A: distributed training, fangs 1, strong nose
a: Heroism, Renounce Religion


You were on level 10 of the Dungeon.
You worshipped Okawaru.
Okawaru was most pleased with you.
You were not hungry.

You visited 2 branches of the dungeon, and saw 10 of its levels.

You collected 420 gold pieces.

Inventory:

Hand Weapons
 d - a +0 rapier
 p - a +0 trident
 F - the +8 storm bow (weapon) {elec, penet}
   (You found it on level 6 of the Dungeon)

   It charges the ammunition it shoots with electricity; occasionally upon a
   hit, such missiles may discharge and cause terrible harm.
   Ammo fired by it will pass through the targets it hits, potentially hitting
   all targets in its path until it reaches maximum range.
Missiles
 b - 104 arrows (quivered)
 c - 38 bolts
Armour
 l - a +1 pair of gloves (worn)
 u - a +0 cloak (worn)
 C - the +1 leather armour of Ammaryte (worn) {Dex+5 Stlth-}
   (You found it on level 5 of the Dungeon)

   It affects your dexterity (+5).
   It makes you less stealthy.
 H - a +0 pair of boots of running (worn)
Jewellery
 h - a +4 ring of protection (left hand)
Scrolls
 e - a scroll of remove curse {unknown}
 i - 2 scrolls of magic mapping {unknown}
 k - a scroll of blinking {unknown}
 m - a scroll of fog {unknown}
 n - 2 scrolls of enchant armour
 q - a scroll of enchant weapon {unknown}
 r - a scroll of noise {unknown}
 s - 4 scrolls of amnesia {unknown}
 t - 3 scrolls of teleportation
 x - a scroll of identify {unknown}
 y - a scroll of random uselessness {unknown}
 I - a scroll of summoning {unknown}
Potions
 a - 2 potions of haste {unknown}
 g - a potion of resistance {unknown}
 j - a potion of brilliance {unknown}
 o - 2 potions of lignification {unknown}
 v - 5 potions of curing {unknown}
 w - a potion of stabbing {unknown}
 z - 3 potions of heal wounds {unknown}
 B - 2 potions of cancellation {unknown}
 D - a potion of magic {unknown}
 E - a potion of flight {unknown}
 G - a potion of degeneration {unknown}
Comestibles
 f - 18 rations
 A - 2 chunks of flesh


   Skills:
 + Level 6.9 Fighting
 + Level 5.0 Short Blades
 + Level 5.0 Long Blades
 + Level 5.0 Axes
 + Level 5.0 Maces & Flails
 + Level 5.0 Polearms
 + Level 5.0 Staves
 + Level 5.0 Slings
 + Level 5.0 Bows
 + Level 5.7 Crossbows
 + Level 5.0 Throwing
 + Level 5.0 Armour
 + Level 5.0 Dodging
 + Level 5.6 Stealth
 + Level 5.7 Shields
 + Level 5.0 Unarmed Combat
 + Level 5.8 Spellcasting
 + Level 4.1 Conjurations
 + Level 4.1 Hexes
 + Level 4.1 Charms
 + Level 4.1 Summonings
 + Level 4.1 Necromancy
 + Level 4.1 Translocations
 + Level 4.1 Transmutations
 + Level 5.7 Fire Magic
 + Level 4.1 Ice Magic
 + Level 4.1 Air Magic
 + Level 5.7 Earth Magic
 + Level 4.1 Poison Magic
 + Level 5.5 Invocations
 + Level 5.0 Evocations


You had 16 spell levels left.
You knew the following spells:

 Your Spells              Type           Power        Failure   Level  Hunger
a - Sandblast             Erth           ###...       1%          1    None
b - Stone Arrow           Conj/Erth      ###...       6%          3    ##.....

Your spell library contained the following spells:

 Spells                   Type           Power        Failure   Level  Hunger


Dungeon Overview and Level Annotations

Branches:
Dungeon (8/15)             Temple (1/1) D:6
   Lair: D:8-11

Altars:
Ashenzari
Cheibriados
Fedhas
Gozag
Hepliaklqana
Kikubaaqudgha
Makhleb
Nemelex Xobeh
Okawaru
Qazlal
Sif Muna
Trog
Uskayaw
Wu Jian
Xom
Yredelemnul
Zin
The Shining One
Beogh
Lugonu

Annotations:
D:4 3 runed translucent doors, MajorAdolf's ghost, amateur NaWn
D:6 2 transporters


Innate Abilities, Weirdness & Mutations

Your experience applies equally to all skills.
You have very sharp teeth.
Your uncanny sense of smell can sniff out nearby items.


Message History

Aim: a wyvern You shoot an arrow.
The arrow barely misses the wyvern.
The wyvern barely misses you. The wyvern bites you!
You are too injured to fight recklessly!
You are too injured to fight recklessly!
You are too injured to fight recklessly!
Firing (i - inventory)
b - 106 arrows (quivered)
Press: ? - help, Shift-Dir - straight line, f/p - wyvern
Aim: a wyvern You shoot an arrow.
The arrow barely misses the wyvern.
The wyvern bites you!
* * * LOW HITPOINT WARNING * * *
The wyvern closely misses you.
Unknown command.
Firing (i - inventory)
b - 105 arrows (quivered)
Press: ? - help, Shift-Dir - straight line, f/p - wyvern
Aim: a wyvern You shoot an arrow.
The arrow closely misses the wyvern.
The wyvern bites you.
* * * LOW HITPOINT WARNING * * *
The wyvern bites you!
You die...

+.... ##....#+#######
(.(............
...............
...............
........<......
......l........
#+###########@...#
#...........#....#
#...........'....+ .
..####.#####....#+##..
#.#######........
#.......#........
+.......#........
#...###'#........
#...##.....#+###+


You could see a wyvern.

Vanquished Creatures
  A two-headed ogre (D:10)
  Pikel (D:7)
  Maggie (D:7)
  A hippogriff (D:8)
  A spriggan (D:7)
  An orc warrior (D:6)
  2 sky beasts (D:6)
  4 ogres
  3 centaurs
  7 bullfrogs
  3 scorpions
  A water moccasin skeleton (D:7)
  6 killer bees (D:8)
  A centaur zombie (D:7)
  A bullfrog zombie (D:6)
  A bullfrog skeleton (D:5)
  6 hounds
  An orc priest (D:7)
  2 jellies
  An iguana (D:4)
  3 orc wizards
  3 worker ants
  A hound skeleton (D:5)
  A worker ant zombie (D:4)
  8 adders
  A shadow imp (D:8)
  2 oozes
  An adder zombie (D:5)
  An adder skeleton (D:5)
  A worm (D:6)
  4 dart slugs
  5 leopard geckos
  10 orcs
  7 bats
  7 giant cockroaches
  11 goblins
  7 hobgoblins
  16 jackals
  A quokka (D:3)
  2 ball pythons
  A ball python skeleton (D:5)
  4 frilled lizards
  A jackal skeleton (D:8)
  6 kobolds
  A leopard gecko zombie (D:5)
  8 rats
  6 rat zombies (D:8)
164 creatures vanquished.

Vanquished Creatures (others)
  2 plants (D:6)
2 creatures vanquished.

Grand Total: 166 creatures vanquished

Notes
Turn   | Place    | Note
-------+----------+-------------------------------------------
     0 | D:1      | gruber the Gnoll Wanderer began the quest for the Orb.
     0 | D:1      | gruber set off with the following items: a +0 hand
                  | crossbow, a +0 kite shield, 24 bolts, a +0 robe, a ration;
                  | and the following spell memorised: Sandblast; and the
                  | following spells available to memorise: Stone Arrow
     0 | D:1      | Reached XP level 1. HP: 20/20 MP: 4/4
   105 | D:1      | Reached XP level 2. HP: 26/26 MP: 5/5
   327 | D:1      | Reached XP level 3. HP: 31/31 MP: 7/7
   539 | D:2      | Reached skill level 1 in Invocations
   768 | D:2      | Found a faded altar of an unknown god.
   794 | D:2      | Reached skill level 1 in Short Blades
   794 | D:2      | Reached skill level 1 in Long Blades
   794 | D:2      | Reached skill level 1 in Axes
   794 | D:2      | Reached skill level 1 in Maces & Flails
   794 | D:2      | Reached skill level 1 in Polearms
   794 | D:2      | Reached skill level 1 in Staves
   794 | D:2      | Reached skill level 1 in Slings
   794 | D:2      | Reached skill level 1 in Bows
   794 | D:2      | Reached skill level 1 in Throwing
   794 | D:2      | Reached skill level 1 in Armour
   794 | D:2      | Reached skill level 1 in Dodging
   794 | D:2      | Reached skill level 1 in Unarmed Combat
   794 | D:2      | Reached skill level 1 in Evocations
   821 | D:2      | Reached XP level 4. HP: 38/38 MP: 8/8
   919 | D:2      | Found a snail-covered altar of Cheibriados.
  1509 | D:3      | Noticed a bullfrog
  1516 | D:3      | Killed a bullfrog
  1516 | D:3      | Reached skill level 1 in Conjurations
  1516 | D:3      | Reached skill level 1 in Hexes
  1516 | D:3      | Reached skill level 1 in Charms
  1516 | D:3      | Reached skill level 1 in Summonings
  1516 | D:3      | Reached skill level 1 in Necromancy
  1516 | D:3      | Reached skill level 1 in Translocations
  1516 | D:3      | Reached skill level 1 in Transmutations
  1516 | D:3      | Reached skill level 1 in Ice Magic
  1516 | D:3      | Reached skill level 1 in Air Magic
  1516 | D:3      | Reached skill level 1 in Poison Magic
  1516 | D:3      | Reached XP level 5. HP: 41/43 MP: 9/9
  1767 | D:3      | Found a hazy altar of Hepliaklqana.
  2077 | D:3      | Noticed an ogre
  2080 | D:3      | Killed an ogre
  2080 | D:3      | Reached XP level 6. HP: 50/50 MP: 10/10
  2100 | D:3      | Learned a level 3 spell: Stone Arrow
  2537 | D:4      | Reached skill level 5 in Fighting
  2650 | D:4      | Found a bloodstained altar of Trog.
  2814 | D:4      | Found an ornate altar of the Wu Jian Council.
  2814 | D:4      | Found a glowing golden altar of the Shining One.
  2815 | D:4      | Found a burning altar of Makhleb.
  2863 | D:4      | Found a runed translucent gate.
  2892 | D:4      | Found a runed translucent gate.
  2896 | D:4      | Found a runed translucent gate.
  2896 | D:4      | Noticed MajorAdolf's ghost (amateur NaWn)
  2946 | D:4      | Identified the +5 trident "Vyitoluh" {pain, Dex+4}
  2946 | D:4      | Identified the +1 plate armour "Ganelin" {Regen+ Int+4}
  2946 | D:4      | Noticed an orc warrior
  2948 | D:4      | Identified the +2 robe of Acuuchot {rPois MR+ Int-5}
  2949 | D:4      | Found a roughly hewn altar of Beogh.
  3031 | D:5      | Entered Level 5 of the Dungeon
  3272 | D:5      | Reached XP level 7. HP: 56/56 MP: 12/12
  3620 | D:5      | Got a distressingly furry leather armour
  3634 | D:5      | Found a hide-covered altar of Uskayaw.
  3634 | D:5      | Found an iron altar of Okawaru.
  4094 | D:6      | Reached XP level 8. HP: 38/63 MP: 14/14
  4299 | D:6      | Found the +8 storm bow {elec, penet}
  4862 | D:6      | Found a shattered altar of Ashenzari.
  4984 | D:6      | Found a staircase to the Ecumenical Temple.
  5013 | Temple   | Entered the Ecumenical Temple
  5159 | D:6      | Found a transporter.
  5214 | D:6      | Found a transporter.
  5255 | D:6      | Identified a +0 pair of boots of running (You found it on
                  | level 6 of the Dungeon)
  5430 | D:6      | Identified the +1 leather armour of Ammaryte {Dex+5 Stlth-}
                  | (You found it on level 5 of the Dungeon)
  5453 | D:7      | Noticed Pikel
  5635 | D:5      | Became a worshipper of Warmaster Okawaru
  5709 | D:7      | Killed Pikel
  5709 | D:7      | Reached * piety under Okawaru
  5709 | D:7      | Reached skill level 6 in Fighting
  5709 | D:7      | Reached skill level 5 in Spellcasting
  5709 | D:7      | Reached skill level 5 in Fire Magic
  5709 | D:7      | Reached skill level 5 in Earth Magic
  5709 | D:7      | Reached XP level 9. HP: 49/69 MP: 16/16
  5908 | D:7      | Noticed Maggie
  5919 | D:7      | Killed Maggie
  5919 | D:7      | Reached skill level 5 in Crossbows
  5919 | D:7      | Reached skill level 5 in Shields
  6164 | D:7      | Found an iron altar of Okawaru.
  6302 | D:7      | Reached ** piety under Okawaru
  6302 | D:7      | Reached skill level 5 in Stealth
  6404 | D:8      | Found an ancient bone altar of Kikubaaqudgha.
  6472 | D:8      | Reached skill level 5 in Invocations
  6577 | D:8      | Reached XP level 10. HP: 73/77 MP: 18/18
  6727 | D:8      | You fall into a shaft and drop 2 floors!
  6727 | D:10     | Entered Level 10 of the Dungeon
  6813 | D:10     | Noticed a two-headed ogre
  6819 | D:10     | Killed a two-headed ogre
  6819 | D:10     | Reached *** piety under Okawaru
  6819 | D:10     | Reached skill level 5 in Short Blades
  6819 | D:10     | Reached skill level 5 in Long Blades
  6819 | D:10     | Reached skill level 5 in Axes
  6819 | D:10     | Reached skill level 5 in Maces & Flails
  6819 | D:10     | Reached skill level 5 in Polearms
  6819 | D:10     | Reached skill level 5 in Staves
  6819 | D:10     | Reached skill level 5 in Slings
  6819 | D:10     | Reached skill level 5 in Bows
  6819 | D:10     | Reached skill level 5 in Throwing
  6819 | D:10     | Reached skill level 5 in Armour
  6819 | D:10     | Reached skill level 5 in Dodging
  6819 | D:10     | Reached skill level 5 in Unarmed Combat
  6819 | D:10     | Reached skill level 5 in Evocations
  6823 | D:10     | Slain by a wyvern

Illustrated notes

Levels and vault maps discovered:
D:1:      dpeg_arrival_tiny_k, layout_rooms
D:2:      layout_basic, chequers_ecumenical_altar_grove, first_ration,
          glass_columns_c, kennysheep_slug_shrine
D:3:      kennysheep_the_goblin_king, layout_loops_corners, lemuel_round_altar
D:4:      layout_loops_ring, nicolae_overflow_crystal_walls,
          gammafunk_temple_overflow_claw, biasface_ghost_orc_armoury
D:5:      layout_cave_pods, chequers_temple_overflow_statue_of_worship,
          kennysheep_generic_room_14
D:6:      layout_cave_pools, nicolae_ashenzari_panopticon, temple_fountains,
          gammafunk_ghost_gnarly_gnolls
D:7:      layout_rooms, nicolae_overflow_hidden_temple, amethyst_killhole,
          the_bakery, okawaru_ov_weapons_minmay, uniq_maggie, uniq_pikel
D:8:      layout_basic, lemuel_coloured_pillars_altar,
          lemuel_zombie_altar_kikubaaqudgha, serial_shops, shop,
          minmay_fractal_squares_diagonal_5
D:10:     layout_gridville, special_room [special_room_bee]
Temple:   corrupted_temple

Skill      XL: |  1  2  3  4  5  6  7  8  9 10 |
---------------+-------------------------------+-----
Invocations    | 1 2 3 4 5 |  5.5
Short Blades   | 1 2 4 5 |  5.0
Long Blades    | 1 2 4 5 |  5.0
Axes           | 1 2 4 5 |  5.0
Maces & Flails | 1 2 4 5 |  5.0
Polearms       | 1 2 4 5 |  5.0
Staves         | 1 2 4 5 |  5.0
Slings         | 1 2 4 5 |  5.0
Bows           | 1 2 4 5 |  5.0
Throwing       | 1 2 4 5 |  5.0
Armour         | 1 2 4 5 |  5.0
Dodging        | 1 2 4 5 |  5.0
Unarmed Combat | 1 2 4 5 |  5.0
Evocations     | 1 2 4 5 |  5.0
Spellcasting   | 3 4 5 |  5.8
Conjurations   | 1 2 3 4 |  4.1
Hexes          | 1 2 3 4 |  4.1
Charms         | 1 2 3 4 |  4.1
Summonings     | 1 2 3 4 |  4.1
Necromancy     | 1 2 3 4 |  4.1
Translocations | 1 2 3 4 |  4.1
Transmutations | 1 2 3 4 |  4.1
Ice Magic      | 1 2 3 4 |  4.1
Air Magic      | 1 2 3 4 |  4.1
Poison Magic   | 1 2 3 4 |  4.1
Crossbows      | 3 4 5 |  5.7
Shields        | 3 4 5 |  5.7
Fire Magic     | 4 5 |  5.7
Earth Magic    | 4 5 |  5.7
Stealth        | 3 4 5 |  5.6
Fighting       | 5 6 |  6.9

Action                   |  1- 3 |  4- 6 |  7- 9 | 10-12 || total
-------------------------+-------+-------+-------+-------++-------
 Fire: Hand crossbow     |    76 |   138 |    79 |       ||   293
       Longbow           |       |       |   107 |    25 ||   132
  Use: Scroll            |       |       |     2 |       ||     2
  Eat: Chunk             |       |     7 |    10 |     1 ||    18
Armor: Robe              |     4 |    16 |       |       ||    20
       Leather armour    |       |    10 |    31 |     4 ||    45
Dodge: Dodged            |     4 |    34 |    50 |    14 ||   102
Block: Kite shield       |     3 |    24 |    23 |       ||    50
